 Dungeon Crawl Stone Soup version 0.31-a0-654-gbe3e110b4e (webtiles) character file.

Game seed: 15973486081761618

158 KarmaKiller the Shield-Bearer (level 5, -1/33 HPs)
             Began as a Gargoyle Fighter on Aug 29, 2023.
             Slain by an orc wizard
             ... wielding a +0 dagger
              (2 damage)
             ... on level 3 of the Dungeon.
             The game lasted 00:12:42 (2297 turns).

KarmaKiller the Shield-Bearer (Gargoyle Fighter)    Turns: 2297, Time: 00:12:43

Health: -1/33      AC: 12    Str: 21    XL:     5   Next: 40%
Magic:  5/5        EV:  9    Int:  9    God:
Gold:   132        SH:  4    Dex:  9    Spells: 4/4 levels left

rFire   . . .        h - +0 trident
rCold   . . .        b - +0 buckler
rNeg    + . .        a - +0 scale mail
rPois   ∞            (no helmet)
rElec   +            i - +0 cloak
rCorr   .            (no gloves)
SInv    .            (no boots)
Will    .....        (no amulet) Stlth
                     (no ring)
HPRegen 0.25/turn    (no ring)
MPRegen 0.09/turn

%: no passive effects
@: mighty
A: sickness immunity, AC +4, negative energy resistance 1, electricity
resistance, torment resistance 1, petrification resistance
a: no special abilities


You were on level 3 of the Dungeon.
You visited 1 branch of the dungeon, and saw 3 of its levels.

You collected 132 gold pieces.

Inventory:

Hand Weapons
 d - a +0 spear
 h - a +0 trident (weapon)
Armour
 a - a +0 scale mail (worn)
 b - a +0 buckler (worn)
 i - a +0 cloak (worn)
Talismans
 k - a flux talisman
Wands
 l - a wand of mindburst (24)
Scrolls
 e - 3 scrolls of fog
 j - 3 scrolls of identify
Potions
 f - a potion of brilliance
 g - a potion of invisibility
 m - a potion of enlightenment {unknown}
 n - a potion of mutation {unknown}


   Skills:
 + Level 3.8 Fighting
 + Level 2.4 Polearms
 + Level 4.0 Armour
 + Level 0.9 Dodging
 + Level 1.1 Stealth
 + Level 4.0 Shields
 + Level 2.1 Unarmed Combat


You had 4 spell levels left.
You didn't know any spells.
Your spell library contained the following spells:

 Spells                   Type           Power      Damage    Failure   Level
 Sting                    Tmut/Pois      0%         1d3       78%         1
 Poisonous Vapours        Pois/Air       0%         N/A       89%         2
 Olgreb's Toxic Radiance  Pois           0%         N/A       100%        4
 Petrify                  Tmut/Erth      0%         N/A       100%        4
 Irradiate                Conj/Tmut      0%         3d11      100%        5
 Sublimation of Blood     Necr           Unusable   N/A       N/A         2

Dungeon Overview and Level Annotations

Branches:
Dungeon (3/15)

Altars:


Innate Abilities, Weirdness & Mutations

You are immune to sickness and miasma.
Your stone body is resilient. (AC +4)
You are immune to poison.
You resist negative energy. (rN+)
You are resistant to electric shocks. (rElec)
You are resistant to unholy torment.
You are immune to petrification.


Message History

* * * LOW HITPOINT WARNING * * *
Something hits you but does no damage. The orc barely misses you.
The orc hits you but does no damage. The orc closely misses you.
Something hits you but does no damage. The orc closely misses you.
You closely miss something.
You feel less confused. The orc hits you but does no damage.
You block the orc's attack. You block something's attack.
You hear some strange, mumbled words.
Something tries to affect you, but you resist.
You puncture the orc!
You kill the orc!
The orc hits you with a +0 mace.
* * * LOW HITPOINT WARNING * * *
Something hits you but does no damage. Something hits you.
* * * LOW HITPOINT WARNING * * *
Something hits you but does no damage.
Things that are here:
a +0 whip; a +0 ring mail You barely miss the orc.
You block the orc's attack. Something hits you but does no damage.
You puncture something!
Reactivating autopickup.
You feel a bit more experienced. Something hits you but does no damage.
Deactivating autopickup; reactivate with Ctrl-A.
You have reached level 5!
You puncture the orc!
You kill the orc!
Something hits you but does no damage.
You hit the orc.
You kill the orc!
Something hits you but does no damage.
You puncture the orc priest!
You kill the orc priest!
Something hits you.
* * * LOW HITPOINT WARNING * * *
Your Polearms skill increases to level 2!
You start resting.
Something hits you but does no damage. Something hits you.
You die...

....##.#......o..
..............o
.##........#.#####
..................
...).......#.#
..........)#.###
##.#...#.#.)...#
......###)#.#.# #
#.#... #.@.# # #
.......#####.#
###.#.#.........#.#
..... ##.#.......##
###.# #..###..#
###.#
#.......##.#.#
.....
#.###........#
#####
#.#.###..###.....
.# #........###
.#..


There were no monsters in sight!

Vanquished Creatures
  An orc priest (D:3)
  An orc wizard (D:3)
  5 adders
  A worm (D:2)
  A dart slug (D:2)
  5 orcs (D:3)
  An endoplasm (D:1)
  A giant cockroach (D:1)
  7 goblins
  10 hobgoblins
  5 quokkas
  4 ball pythons
  5 bats
  2 frilled lizards
  6 kobolds
  5 rats
60 creatures vanquished.

Notes
Turn   | Place    | Note
-------+----------+-------------------------------------------
     0 | D:1      | KarmaKiller the Gargoyle Fighter began the quest for the
                  | Orb.
     0 | D:1      | Reached XP level 1. HP: 14/14 MP: 1/1
   184 | D:1      | Reached XP level 2. HP: 19/19 MP: 2/2
   807 | D:1      | Reached XP level 3. HP: 22/23 MP: 3/3
  1298 | D:2      | Reached skill level 1 in Stealth
  1562 | D:2      | Reached XP level 4. HP: 29/29 MP: 4/4
  1611 | D:2      | Reached skill level 1 in Polearms
  2288 | D:3      | HP: 1/29 [something (1)]
  2292 | D:3      | Reached XP level 5. HP: 2/33 MP: 5/5
  2294 | D:3      | HP: 1/33 [something (2)]
  2297 | D:3      | Slain by an orc wizard

Illustrated notes

Levels and vault maps discovered:
D:1:      dpeg_chamrin_arrival_tetris, layout_basic
D:2:      layout_basic
D:3:      layout_basic, serial_curves, eino_curves_03, eino_curves_04

Skill      XL: |  1  2  3  4  5 |
---------------+----------------+-----
Shields        | 4 |  4.0
Stealth        | 1 |  1.1
Polearms       | 1 2 |  2.4
Armour         | 4 |  4.0
Fighting       | |  3.8
Dodging        | |  0.9
Unarmed Combat | |  2.1

Action                     |  1- 3 |  4- 6 || total
---------------------------+-------+-------++-------
  Melee: Spear             |    81 |       ||    81
         Trident           |    61 |    92 ||   153
    Use: Scroll            |     2 |     1 ||     3
         Potion            |       |     1 ||     1
 Armour: Scale mail        |    68 |    72 ||   140
  Dodge: Dodged            |    69 |    62 ||   131
  Block: Buckler           |    35 |    24 ||    59

Table legend: (Time is in decaauts)
 A = Elapsed time spent in this place.
 B = Non-inter-level travel time spent in this place.
 C = Inter-level travel time spent in this place.
 D = Time resting spent in this place.
 E = Time spent auto-exploring this place.
 F = Levels seen in this place.
 G = Mean time per level.
                   A        B        C        D        E       F      G
               +--------+--------+--------+--------+--------+-----+--------+
         Total |   2349 |   2332 |     17 |    170 |      0 |   3 |  783.0 |
       Dungeon |   2349 |   2332 |     17 |    170 |      0 |   3 |  783.0 |
               +--------+--------+--------+--------+--------+-----+--------+

Top non-repeatable levels by time:
     D:1: 1182 daAuts
     D:2: 963 daAuts
     D:3: 203 daAuts
